AoeStats
← Clueless Clown

QS Arena

503514931Analyzed
4v4 RM · 1mo ago on Sep 1, 2026· 56m 33s· 8 players
Game mode
Random Map
Map size
Large (8 player)
Population
200
Speed
Normal
Resources
Standard
Victory
Conquest
Starting age
Dark Age
Ending age
Imperial Age
RankedLock teamsTeams togetherTeam positionsShared explorationLock speedFull tech treeHidden civsTurbo modeCheats
Victory
Defeat
🇨🇱 Saracens · Chile
1010
+10
🇦🇷 Ethiopians · Argentina
917
+14
🇨🇱 Wu · Chile
910
+14
🇨🇱 Spanish · Chile
910
+14
🇺🇸 Burgundians · United States
972
-18
🇺🇸 Bohemians · United States
875
-13
🇨🇱 Dravidians · Chile
863
-13
🇨🇴 Khmer · Colombia
795
-10
AlpineXtrem
0:35 Loom
8:52 Feudal Age
13:03 Castle Age
11:42 Horse Collar
11:49 Double-Bit Axe
15:07 Wheelbarrow
14:59 Bow Saw
17:29 Gold Mining
17:30 Stone Mining
18:39 Heavy Plow
19:48 Stone Mining
22:32 Stone Shaft Mining
22:32 Gold Shaft Mining
22:51 Fletching
23:58 Hand Cart
25:02 Bodkin Arrow
26:30 Ballistics
25:52 Treadmill Crane
28:53 Imperial Age
26:33 Squires
26:19 Arson
27:30 Red Cliffs Tactics
27:42 Padded Archer Armor
27:55 Forging
27:45 Scale Mail Armor
28:04 Pikeman
29:33 Gold Shaft Mining
30:15 Conscription
30:08 Bracer
30:37 Halberdier
32:37 Iron Casting
32:17 Chain Mail Armor
33:51 Elite Fire Archer
41:03 Blast Furnace
40:18 Chain Mail Armor
56:07 Leather Archer Armor
56:23 Plate Mail Armor
57:01 Chemistry
F.Jeriax
8:05 Feudal Age
12:06 Castle Age
11:47 Horse Collar
11:55 Double-Bit Axe
30:08 Imperial Age
29:28 Loom
30:24 Wheelbarrow
39:14 Hand Cart
40:33 Gold Mining
40:36 Stone Mining
44:21 Stone Shaft Mining
44:13 Pikeman
48:22 Halberdier
49:18 Forging
49:10 Scale Mail Armor
50:53 Iron Casting
55:03 Bloodlines
55:36 Elite Conquistador
56:49 Heavy Plow
Bentrix
6:50 Loom
8:43 Feudal Age
8:32 Loom
9:36 Double-Bit Axe
13:07 Castle Age
11:32 Double-Bit Axe
13:08 Horse Collar
20:17 Heavy Plow
27:46 Wheelbarrow
33:30 Scale Barding Armor
33:36 Forging
34:45 Murder Holes
36:53 Stone Mining
36:55 Gold Mining
39:40 Imperial Age
37:26 Hand Cart
37:57 Iron Casting
38:37 Bloodlines
38:29 Husbandry
39:37 Gold Shaft Mining
39:45 Bow Saw
41:47 Chain Barding Armor
42:27 Blast Furnace
40:51 Heavy Camel Rider
43:07 Two-Man Saw
43:51 Chemistry
43:13 Ballistics
46:29 Plate Barding Armor
46:45 Conscription
46:39 Elite Mameluke
Padreloa
9:15 Feudal Age
12:51 Castle Age
11:37 Double-Bit Axe
11:35 Horse Collar
14:45 Bow Saw
15:22 Heavy Plow
16:02 Wheelbarrow
17:03 Loom
18:07 Fletching
18:20 Padded Archer Armor
20:22 Bodkin Arrow
20:35 Crossbowman
22:24 Thumb Ring
24:18 Gold Mining
24:24 Stone Mining
27:11 Hand Cart
31:27 Imperial Age
29:54 Leather Archer Armor
29:45 Scale Barding Armor
31:54 Chain Barding Armor
31:42 Heavy Camel Rider
33:19 Gold Shaft Mining
35:13 Two-Man Saw
34:51 Forging
36:55 Iron Casting
38:07 Royal Heirs
40:11 Blast Furnace
41:07 Conscription
40:24 Halberdier
48:20 Stone Shaft Mining
COTO
1:14 Loom
8:09 Feudal Age
16:00 Castle Age
14:27 Double-Bit Axe
15:38 Man-at-Arms
16:16 Crossbowman
19:40 Wheelbarrow
19:12 Padded Archer Armor
19:45 Elite Skirmisher
20:36 Long Swordsman
21:01 Gambesons
21:19 Squires
20:39 Pikeman
21:44 Horse Collar
22:59 Scale Mail Armor
24:02 Chain Mail Armor
23:53 Scale Barding Armor
24:41 Fletching
25:07 Leather Archer Armor
26:28 Forging
26:39 Hand Cart
27:36 Gold Mining
27:37 Stone Mining
29:03 Iron Casting
28:46 Husbandry
28:07 Light Cavalry
35:38 Imperial Age
33:22 Bodkin Arrow
33:47 Chain Barding Armor
34:33 Guard Tower
35:40 Halberdier
35:41 Two-Handed Swordsman
45:30 Ballistics
49:08 Town Watch
49:36 Heavy Plow
49:56 Bow Saw
50:31 Thumb Ring
49:46 Arbalester
53:52 Champion
Pino
3:26 Loom
6:47 Feudal Age
7:15 Double-Bit Axe
8:12 Horse Collar
10:35 Town Watch
17:35 Castle Age
21:42 Husbandry
22:24 Scale Barding Armor
23:31 Forging
24:25 Gold Mining
24:32 Stone Mining
27:45 Chain Barding Armor
27:38 Bloodlines
30:10 Wheelbarrow
30:42 Gold Shaft Mining
30:45 Stone Shaft Mining
31:06 Tusk Swords
36:42 Imperial Age
35:26 Town Patrol
35:43 Hand Cart
37:40 Double Crossbow
37:03 Elite Battle Elephant
41:46 Plate Barding Armor
41:46 Iron Casting
40:56 Heavy Scorpion
42:49 Conscription
42:24 Fletching
52:06 Chemistry
51:14 Siege Engineers
52:11 Ballistics
Clueless Clown
3:49 Double-Bit Axe
6:26 Horse Collar
8:47 Feudal Age
9:07 Feudal Age
12:53 Castle Age
10:57 Heavy Plow
11:01 Loom
11:33 Bow Saw
11:41 Gold Mining
17:11 Wheelbarrow
17:13 Fervor
18:08 Hand Cart
21:13 Two-Man Saw
20:47 Crop Rotation
20:13 Stone Mining
21:31 Gold Shaft Mining
21:31 Stone Shaft Mining
24:07 Cavalier
24:49 Husbandry
27:45 Imperial Age
25:23 Scale Barding Armor
25:28 Forging
25:37 Treadmill Crane
26:49 Chain Barding Armor
26:33 Husbandry
27:40 Iron Casting
28:13 Burgundian Vineyards
27:49 Paladin
29:23 Conscription
29:59 Plate Barding Armor
30:41 Blast Furnace
31:00 Guilds
30:50 Caravan
41:30 Fletching
42:03 Ballistics
42:44 Chemistry
41:55 Masonry
41:57 Fortified Wall
41:42 Murder Holes
49:05 Bombard Tower
49:16 Architecture
52:13 Padded Archer Armor
52:09 Bodkin Arrow
Bruin878
0:52 Loom
10:51 Feudal Age
12:34 Feudal Age
17:31 Castle Age
17:02 Town Watch
17:53 Wheelbarrow
Connection lost

Rejoining the realm…

Still unreachable

The connection could not be restored.

Session expired

The server has moved on; the page needs a fresh start.